 Dungeon Crawl Stone Soup version 0.31-a0-662-g684573625c (webtiles) character file.

Game seed: 294511751503740651

4999 Xavori the Covert (level 10, -4/68 (69) HPs)
             Began as an Octopode Chaos Knight on Sept 1, 2023.
             Was a Plaything of Xom.
             Slain by Erica
             ... wielding a +2 scimitar of flaming
              (15 damage)
             ... on level 8 of the Dungeon.
             The game lasted 00:10:59 (11960 turns).

Xavori the Covert (Octopode Chaos Knight)          Turns: 11960, Time: 00:11:00

HP:   -4/68 (69)    AC:  5    Str:  7 (9)  XL:     10   Next: 54%
MP:   4/10          EV: 16    Int: 19      God:    Xom [.*....]
Gold: 794           SH:  0    Dex: 17 (18) Spells: 9/9 levels left

rFire   + + .        r - +2 short sword (venom)
rCold   + . .        (no shield)
rNeg    . . .        (helmet restricted)
rPois   .            (no amulet)
rElec   .            v - ring of protection from cold
rCorr   .            (no ring)
SInv    .            (no ring)
Will    +....        (no ring)
Stlth   ++++++       (no ring)
HPRegen 0.31/turn    (no ring)
MPRegen 0.12/turn    (no ring)
                     (no ring)

%: clarity
@: lightly drained
A: almost no armour, amphibious, 8 rings, camouflage 1, gelatinous body 1,
(nimble swimmer 1), tentacles, tentacle spike 1, iridescent scales 2, agile 1,
clarity, clever 1, deterioration 1, fire resistance 2, strong-willed 1, subdued
magic 1, MP-powered wands
a: Renounce Religion


You were on level 8 of the Dungeon.
You worshipped Xom.
You were a plaything of Xom.
You visited 1 branch of the dungeon, and saw 8 of its levels.

You collected 1074 gold pieces.
You spent 280 gold pieces at shops.

Inventory:

Hand Weapons
 a - a +0 short sword of chaos
 q - a +0 dagger of protection
 r - a +2 short sword of venom (weapon)
Jewellery
 v - a ring of protection from cold (left tentacle)
Talismans
 z - a maw talisman
Wands
 c - a wand of quicksilver (2)
 p - a wand of charming (7)
 x - a wand of polymorph (10)
Scrolls
 b - a scroll of butterflies
 e - 2 scrolls of enchant weapon
 i - a scroll of poison
 j - 3 scrolls of vulnerability
 k - 3 scrolls of revelation
 l - 2 scrolls of teleportation
 m - a scroll of immolation
 n - 2 scrolls of fog
 o - a scroll of amnesia
 y - a scroll of identify
Potions
 d - a potion of heal wounds {unknown}
 f - 2 potions of haste
 g - 2 potions of mutation
 h - a potion of curing
 s - a potion of cancellation {unknown}
 t - a potion of enlightenment {unknown}
 u - a potion of lignification {unknown}
 w - a potion of ambrosia


   Skills:
 + Level 6.5 Fighting
 + Level 8.4 Short Blades
 + Level 6.5 Dodging
 + Level 10.9 Stealth
 - Level 6.9 Evocations


You had 9 spell levels left.
You didn't know any spells.
Your spell library was empty.

Dungeon Overview and Level Annotations

Branches:
Dungeon (8/15)             Temple (0/1) D:6            Lair (0/5) D:8

Altars:
Cheibriados
Fedhas
Okawaru
Yredelemnul

Shops:
D:6 [

Annotations:
D:3 1 runed translucent door, Crazy Yiuf
D:4 2 transporters, Aneyh's ghost, amateur TeMo
D:8 Erica


Innate Abilities, Weirdness & Mutations

You cannot wear most types of armour.
You are amphibious.
You can wear up to eight rings at the same time.
Your skin changes colour to match your surroundings (Stealth+).
Your rubbery body absorbs attacks. (AC +1, EV +1)
((You are camouflaged when in or above water. (Stealth+)))
You have tentacles for arms and can constrict up to eight enemies at once.
One of your tentacles bears a spike.
You are mostly covered in iridescent scales. (AC +4)
You are agile. (Dex +4, Str/Int -1)
You possess an exceptional clarity of mind.
Your mind is acute. (Int +4, Str/Dex -1)
Your body sometimes deteriorates upon taking damage.
Your flesh is very heat resistant. (rF++)
You are strong-willed. (Will+)
Your spells are a little easier to cast, but a little less powerful.
You expend magic power (3 MP) to strengthen your wands.


Message History

Erica hits you with a +2 scimitar of flaming!
Erica burns you.
You hit Erica.
Erica is moderately wounded.
You constrict Erica.
Erica hits you with a +2 scimitar of flaming!
* * * LOW HITPOINT WARNING * * *
Erica burns you.
* * * LOW HITPOINT WARNING * * *
You release your grip on Erica.
Xom makes a sudden noise!
You hear an angry buzzing noise.
Erica attacks as she pursues you!
Erica hits you with a +2 scimitar of flaming!
* * * LOW HITPOINT WARNING * * *
It was a potion of ambrosia.
You are confused.
You feel invigorated.
Xom is mildly amused.
Erica completely misses you.
You are too confused!
Unknown command.
Erica attacks as she pursues you! Erica completely misses you.
You feel better.
You feel less invigorated.
Erica gestures wildly while chanting.
Erica flickers and vanishes!
Deactivating autopickup; reactivate with Ctrl-A.
Aiming: Quicksilver Bolt
Press: ? - help, Shift-Dir - straight line You feel a surge of power!
You hear some strange, mumbled words.
Something tries to affect you, but you resist.
Aiming: Quicksilver Bolt
Press: ? - help, Shift-Dir - straight line You feel a surge of power!
Something hits you!
* * * LOW HITPOINT WARNING * * *
Unknown command.
Okay, then.
You barely miss something. You hit something. Something hits you!
You die... #.PPPPPP#

##P.PP.lP#
####..PP.>.P#
#######.....PP..PP#
.........[...PPPPP#
#######.##.P.PPPPP#
#.##....PPPP#
#####.###....PPP#
#@....# #.....PP#
#{##### ##....P###
#.# ##...###. #.#
##.###.# #.#
######.###.# #.#
#..........# #.#
#.####.##..# #.#
#.##... ..# #.....#


There were no monsters in sight!

Vanquished Creatures
  Pikel (D:7)
  Joseph (D:7)
  Jeremiah (D:6)
  A hornet (D:6)
  5 yaks
  A steam dragon (D:8)
  A naga (D:5)
  2 ice beasts
  A sky beast (D:6)
  A hornet zombie (D:5)
  An ogre (D:5)
  2 lemures (D:7)
  3 phantoms
  3 scorpions
  7 wights
  Dowan (D:5)
  5 howler monkeys
  2 jellies
  4 orc priests (D:6)
  4 hounds
  2 sleepcaps
  2 gnoll boudas
  3 iguanas
  Jessica (D:3)
  Natasha (twice) (D:2)
  7 orc wizards
  Robin (D:2)
  12 gnolls
  5 adders
  2 white imps
  5 dart slugs
  19 orcs
  8 ball pythons
  2 bats
  5 endoplasms
  4 giant cockroaches
  18 goblins
  9 hobgoblins
  4 jackals (D:1)
  6 quokkas
  3 frilled lizards
  4 kobolds (D:1)
  21 rats
  A spectral hobgoblin (D:1)
193 creatures vanquished.

Vanquished Creatures (collateral kills)
  A blink frog (D:6)
  A wight (D:6)
  A hobgoblin (D:1)
3 creatures vanquished.

Grand Total: 196 creatures vanquished

Notes
Turn   | Place    | Note
-------+----------+-------------------------------------------
     0 | D:1      | Xavori the Octopode Chaos Knight began the quest for the
                  | Orb.
     0 | D:1      | Reached XP level 1. HP: 16/16 MP: 1/1
   176 | D:1      | Reached XP level 2. HP: 6/21 MP: 2/2
   385 | D:1      | XOM: potion effect (might)
   387 | D:1      | Reached XP level 3. HP: 22/26 MP: 3/3
   496 | D:1      | XOM: silly message
   510 | D:1      | XOM: noise
   541 | D:1      | XOM: 2-stop teleportation journey
   699 | D:1      | Found a faded altar of an unknown god.
   903 | D:1      | Found Fujisk's Magic Scroll Shop.
   906 | D:1      | Bought a scroll of noise for 11 gold pieces
  1033 | D:1      | XOM: give mutations
  1033 | D:1      | Gained mutation: You expend magic power (3 MP) to
                  | strengthen your wands. [Xom's mischief]
  1033 | D:1      | Gained mutation: One of your tentacles bears a spike.
                  | [Xom's mischief]
  1033 | D:1      | Gained mutation: You possess an exceptional clarity of
                  | mind. [Xom's mischief]
  1137 | D:1      | XOM: stat loss: -1 Int (13/14)
  1409 | D:1      | XOM: stat loss: -1 Dex (12/13)
  2562 | D:1      | XOM: give mutation
  2562 | D:1      | Gained mutation: You are partially covered in iridescent
                  | scales. (AC +2) [Xom's mischief]
  2633 | D:1      | XOM: 1-stop teleportation journey
  3121 | D:1      | XOM: god gift: fuming brown potion {god gift}
  3189 | D:1      | XOM: give mutation
  3189 | D:1      | Gained mutation: You are mostly covered in iridescent
                  | scales. (AC +4) [Xom's grace]
  3215 | D:1      | XOM: cloud trail
  3476 | D:1      | XOM: cloud trail
  3593 | D:1      | XOM: give mutations
  3593 | D:1      | Gained mutation: Your flesh is heat resistant. (rF+) [Xom's
                  | grace]
  3593 | D:1      | Gained mutation: You are agile. (Dex +4, Str/Int -1) [Xom's
                  | grace]
  3593 | D:1      | Gained mutation: You are strong-willed. (Will+) [Xom's
                  | grace]
  3593 | D:1      | Gained mutation: Your mind is acute. (Int +4, Str/Dex -1)
                  | [Xom's grace]
  3816 | D:1      | XOM is BORED!
  3816 | D:1      | XOM: summons 2 hostile demons
  3841 | D:2      | Reached skill level 1 in Stealth
  3845 | D:2      | Reached XP level 4. HP: 24/33 MP: 4/4
  3848 | D:2      | XOM: butterfly on damage
  3852 | D:2      | Reached skill level 2 in Stealth
  4097 | D:2      | Noticed Robin
  4109 | D:2      | Killed Robin
  4125 | D:2      | Reached XP level 5. HP: 33/37 MP: 5/5
  4295 | D:2      | Noticed Natasha
  4298 | D:2      | Killed Natasha
  4299 | D:2      | Reached skill level 3 in Stealth
  4316 | D:2      | XOM: give mutations
  4316 | D:2      | Gained mutation: You are robust. (+10% HP) [Xom's grace]
  4316 | D:2      | Gained mutation: Your flesh is very heat resistant. (rF++)
                  | [Xom's grace]
  4430 | D:2      | XOM: 2-stop teleportation journey
  4470 | D:2      | XOM: scenery: summon butterflies
  4487 | D:2      | Noticed Natasha
  4495 | D:2      | Killed Natasha
  4732 | D:3      | XOM: scenery: summon butterflies
  4754 | D:3      | Found a runed translucent door.
  4755 | D:3      | Noticed Crazy Yiuf
  4795 | D:3      | XOM: silly message
  4818 | D:3      | XOM: god gift: 609 gold pieces
  4934 | D:3      | Noticed Jessica
  4935 | D:3      | Found a basalt altar of Yredelemnul.
  4936 | D:3      | Found a blossoming altar of Fedhas.
  4941 | D:3      | Killed Jessica
  4941 | D:3      | XOM: snakes to sticks
  5039 | D:3      | Reached skill level 4 in Stealth
  5105 | D:3      | Reached XP level 6. HP: 47/47 MP: 6/6
  5119 | D:3      | XOM: god gift: scroll labelled ZEBRAOTEWN {god gift}
  5218 | D:3      | XOM: god gift: 44 gold pieces
  5349 | D:3      | Identified the +0 hat of the Oni {Harm} (Xom gifted it to
                  | you on level 3 of the Dungeon)
  5349 | D:3      | XOM: god gift: +0 hat of the Oni {Harm}
  5656 | D:1      | Bought a scroll of identify for 22 gold pieces
  5656 | D:1      | Bought a scroll of immolation for 44 gold pieces
  5656 | D:1      | Bought a scroll of fog for 44 gold pieces
  5656 | D:1      | Bought a scroll of teleportation for 33 gold pieces
  5656 | D:1      | Bought a scroll of amnesia for 44 gold pieces
  5656 | D:1      | Bought a scroll of revelation for 82 gold pieces
  5764 | D:3      | XOM: give mutations
  5764 | D:3      | Gained mutation: You are very robust. (+20% HP) [Xom's
                  | grace]
  5764 | D:3      | Gained mutation: You have very sharp teeth. [Xom's grace]
  5784 | D:3      | XOM: god gift: wand of quicksilver (7)
  5820 | D:3      | XOM: silly message
  5936 | D:3      | XOM: give mutations
  5936 | D:3      | Lost mutation: You are very robust. (+20% HP) [Xom's
                  | mischief]
  5936 | D:3      | Lost mutation: One of your tentacles bears a spike. [Xom's
                  | mischief]
  6082 | D:4      | Found a snail-covered altar of Cheibriados.
  6109 | D:4      | Noticed Aneyh's ghost (amateur TeMo)
  6109 | D:4      | Noticed a wyvern
  6128 | D:4      | Found a transporter.
  6140 | D:4      | Found a transporter.
  6208 | D:4      | XOM: draining
  6230 | D:4      | XOM: 4-stop teleportation journey
  6316 | D:4      | Reached skill level 5 in Stealth
  6593 | D:4      | You fall into a shaft and drop 1 floor!
  6593 | D:5      | Entered Level 5 of the Dungeon
  6593 | D:5      | Found an iron altar of Okawaru.
  6622 | D:5      | Reached skill level 1 in Evocations
  6675 | D:5      | XOM: 1-stop teleportation journey
  6754 | D:4      | Reached XP level 7. HP: 21/52 MP: 7/7
  7084 | D:5      | XOM: noise
  7089 | D:5      | Reached skill level 6 in Stealth
  7309 | D:5      | Reached skill level 5 in Short Blades
  7357 | D:5      | Noticed Dowan
  7359 | D:5      | Noticed Duvessa
  7364 | D:5      | Duvessa changed into Duvessa the naga
  7364 | D:5      | Noticed Duvessa
  7364 | D:5      | XOM: polymorph Duvessa -> Duvessa the naga
  7373 | D:5      | Killed Duvessa the naga
  7374 | D:5      | XOM: chaos cloud
  7377 | D:5      | Killed Dowan
  7378 | D:5      | Reached skill level 7 in Stealth
  7505 | D:5      | XOM: give mutations
  7505 | D:5      | Lost mutation: You are robust. (+10% HP) [Xom's mischief]
  7505 | D:5      | Gained mutation: Your body sometimes deteriorates upon
                  | taking damage. [Xom's mischief]
  7505 | D:5      | Lost mutation: You have very sharp teeth. [Xom's mischief]
  7505 | D:5      | Gained mutation: Your spells are a little easier to cast,
                  | but a little less powerful. [Xom's mischief]
  7555 | D:5      | Reached XP level 8. HP: 54/54 MP: 8/8
  7897 | D:6      | XOM: silly message
  8161 | D:6      | Found a staircase to the Ecumenical Temple.
  8171 | D:6      | Reached skill level 8 in Stealth
  8260 | D:6      | Noticed Jeremiah
  8273 | D:6      | Reached skill level 5 in Fighting
  8282 | D:6      | XOM: blink monster(s)
  8299 | D:6      | Killed Jeremiah
  8300 | D:6      | Reached skill level 5 in Dodging
  8300 | D:6      | Reached XP level 9. HP: 25/61 MP: 9/9
  8433 | D:6      | XOM: noise
  8476 | D:6      | Noticed a hornet
  8488 | D:6      | Killed a hornet
  8570 | D:6      | Found Cewkyimn's Armour Shoppe.
  8648 | D:6      | Reached skill level 5 in Evocations
  8921 | D:7      | Noticed Pikel
  8947 | D:7      | Killed Pikel
  8948 | D:7      | Reached skill level 9 in Stealth
  9104 | D:7      | XOM: potion effect (invisibility)
  9208 | D:7      | Noticed Joseph
  9225 | D:7      | Killed Joseph
  9225 | D:7      | HP: 2/58 [wight/+0 falchion (3)]
  9304 | D:7      | XOM: god gift: runed hand axe {god gift}
  9331 | D:7      | XOM: cloud trail
  9478 | D:7      | Reached skill level 10 in Stealth
  9616 | D:7      | Reached XP level 10. HP: 57/68 MP: 10/10
  9620 | D:7      | XOM: cleaving
  9639 | D:7      | XOM: cleaving
  9776 | D:6      | XOM: enchant monster (good)
 10169 | D:7      | XOM: silly message
 10255 | D:7      | XOM: silly message
 10296 | D:7      | Noticed Maggie
 10338 | D:5      | XOM: smoke on damage
 10542 | D:6      | XOM: give mutation
 10542 | D:6      | Gained mutation: One of your tentacles bears a spike.
                  | [Xom's grace]
 10813 | D:6      | Maggie changed into Maggie the blink frog
 10813 | D:6      | Noticed Maggie
 10813 | D:6      | XOM: polymorph Maggie -> Maggie the blink frog
 10820 | D:6      | Killed Maggie the blink frog
 11211 | D:7      | XOM: enchant monster (bad)
 11221 | D:7      | XOM: silly message
 11353 | D:7      | XOM: summons 6 hostile demons
 11926 | D:8      | Found a staircase to the Lair.
 11941 | D:8      | Noticed Erica
 11953 | D:8      | XOM: noise
 11960 | D:8      | Slain by Erica

Illustrated notes

Levels and vault maps discovered:
D:1:      lightli_iron_boxes, layout_loops_corners, serial_shops,
          nicolae_shop_rolled_up, dreamdust_ecumenical_altar_drowned_temple,
          kennysheep_decorative_pillar
D:2:      layout_loops_ring, uniq_robin, uniq_natasha
D:3:      layout_loops_ring, nicolae_overflow_squiral, minmay_rat_hole,
          uniq_crazy_yiuf_cottage, uniq_jessica
D:4:      layout_loops_ring, kennysheep_slug_shrine, gammafunk_ghost_arena,
          minmay_misc_feat_ornament
D:5:      layout_loops_ring, okawaru_gym_becter, serial_undead, serial_undead_b,
          serial_undead_f, serial_undead_a, serial_undead_c, uniq_duvessa
D:6:      layout_rooms, minmay_temple_entry_mist, serial_shops,
          nicolae_shop_tiny_statue_garden, patterned_corridor, uniq_jeremiah
D:7:      layout_basic, uniq_maggie, uniq_pikel, uniq_joseph
D:8:      layout_loops_ring, david_lair_shrubbed, uniq_erica

Skill      XL: |  1  2  3  4  5  6  7  8  9 10 |
---------------+-------------------------------+-----
Stealth        | 1 2 4 5 7 8 10 | 10.9
Dodging        | 3 5 6 |  6.5
Short Blades   | 4 5 6 7 8 |  8.4
Fighting       | 4 5 6 |  6.5
Evocations     | 1 2 4 6 |  6.9

Action                     |  1- 3 |  4- 6 |  7- 9 | 10-12 || total
---------------------------+-------+-------+-------+-------++-------
  Melee: Short sword       |    72 |    98 |   199 |   169 ||   538
         Constrict         |    18 |    33 |    38 |    27 ||   116
         Tentacles         |    17 |    33 |    67 |    45 ||   162
         Kick              |     1 |    28 |       |    54 ||    83
         Punch             |     1 |     1 |     2 |     6 ||    10
         Dagger            |       |    53 |    33 |       ||    86
         Bite              |       |     8 |    17 |       ||    25
  Evoke: Wand              |       |     1 |     2 |     3 ||     6
    Use: Potion            |     1 |       |     2 |     2 ||     5
         Scroll            |       |     6 |     3 |     1 ||    10
   Stab: Sleeping          |     7 |    17 |     8 |     4 ||    36
         Distracted        |       |     1 |     3 |       ||     4
         Paralysed         |       |       |     1 |       ||     1
         Invisible         |       |       |     3 |       ||     3
 Armour: Skin              |    22 |    58 |    83 |    94 ||   257
  Dodge: Dodged            |    44 |    68 |    99 |   140 ||   351

Table legend: (Time is in decaauts)
 A = Elapsed time spent in this place.
 B = Non-inter-level travel time spent in this place.
 C = Inter-level travel time spent in this place.
 D = Time resting spent in this place.
 E = Time spent auto-exploring this place.
 F = Levels seen in this place.
 G = Mean time per level.
                   A        B        C        D        E       F      G
               +--------+--------+--------+--------+--------+-----+--------+
         Total |  11777 |  11218 |    559 |   4644 |   5170 |   8 | 1472.1 |
       Dungeon |  11777 |  11218 |    559 |   4644 |   5170 |   8 | 1472.1 |
               +--------+--------+--------+--------+--------+-----+--------+

Top non-repeatable levels by time:
     D:1: 3905 daAuts
     D:6: 1804 daAuts
     D:7: 1543 daAuts
     D:5: 1145 daAuts
     D:3: 1107 daAuts
     D:2: 977 daAuts
     D:4: 939 daAuts
     D:8: 354 daAuts
